 Dungeon Crawl Stone Soup version 0.28-a0-1339-ga5422284a4 (webtiles) character file.

Game seed: 12183151353047984739

3036 rogsnak the Destroyer (level 9, 0/60 HPs)
             Began as a Demonspawn Air Elementalist on Dec 28, 2021.
             Was an Initiate of Sif Muna.
             Slain by Erica (1 damage)
             ... on level 8 of the Dungeon.
             The game lasted 00:25:00 (9533 turns).

rogsnak the Destroyer (Demonspawn Air Elementalist) Turns: 9533, Time: 00:25:00

Health: 0/60       AC:  5    Str:  7    XL:     9   Next: 56%
Magic:  12/19      EV: 16    Int: 21    God:    Sif Muna [......]
Gold:   493        SH:  0    Dex: 13    Spells: 14/22 levels left

rFire   + + +      SeeInvis .   K - +2 whip (venom)
rCold   + . .      Faith    .   t - orb {mayhem}
rNeg    . . .      Spirit   .   a - +0 robe
rPois   +          Reflect  .   (no helmet)
rElec   .          Harm     .   L - +0 cloak
rCorr   .          Rampage  .   k - +0 pair of gloves
Will    .....                   (no boots)
Stlth   ++........              (no amulet)
HPRegen 0.20/turn               d - +4 ring of evasion
MPRegen 0.16/turn               x - ring of Itsupiri {*Slow rPois rF+++ rC+ Str-2}

@: brilliant, slowed, studying Stealth, very slow
A: rugged brown scales 1, ignite blood 1, weakness stinger 2
a: Renounce Religion


You were on level 8 of the Dungeon.
You worshipped Sif Muna.
Sif Muna was noncommittal.
You visited 2 branches of the dungeon, and saw 9 of its levels.
You also visited: Ossuary.

You collected 493 gold pieces.

Inventory:

Hand Weapons
 b - a +0 whip
 e - a +0 mace
 j - a +0 quarterstaff
 A - a +0 spear of freezing
 K - a +2 whip of venom (weapon)
 M - a +2 dagger of protection
Missiles
 c - 250 stones
 O - a curare-tipped dart
Armour
 a - a +0 robe (worn)
 k - a +0 pair of gloves (worn)
 t - an orb of mayhem (worn)
 y - a +0 buckler
 L - a +0 cloak (worn)
Jewellery
 d - a +4 ring of evasion (left hand)
 i - a ring of flight
 v - a ring of resist corrosion
 x - the ring of Itsupiri (right hand) {*Slow rPois rF+++ rC+ Str-2}
   (You found it on level 5 of the Dungeon)

   [ring of protection from cold]

   Str:       It affects your strength (-2).
   rF:        It renders you almost immune to fire.
   rC:        It protects you from cold.
   rPois:     It protects you from poison.
   *Slow:     It may slow you when you take damage.
Wands
 n - a wand of flame (7)
 p - a wand of polymorph (9)
Scrolls
 h - 12 scrolls of identify {unknown}
 o - 2 scrolls of fear {unknown}
 r - 2 scrolls of blinking {unknown}
 s - 2 scrolls of enchant armour {unknown}
 u - 2 scrolls of fog {unknown}
 w - a scroll of immolation {unknown}
 z - 3 scrolls of summoning {unknown}
 H - a scroll of teleportation {unknown}
 J - a scroll of noise {unknown}
 N - a scroll of enchant weapon {unknown}
Potions
 f - 2 potions of brilliance
 g - a potion of flight {unknown}
 l - 3 potions of resistance {unknown}
 m - 3 potions of heal wounds {unknown}
 q - 5 potions of curing
 B - 2 potions of might {unknown}
 C - a potion of haste {unknown}
 D - a potion of berserk rage {unknown}
 E - 3 potions of degeneration {unknown}
 F - a potion of lignification {unknown}
 G - 2 potions of cancellation {unknown}
 I - a potion of attraction {unknown}


   Skills:
 + Level 1.1 Fighting
 + Level 2.7 Dodging
 - Level 1.7 Stealth
 + Level 7.1 Spellcasting
 * Level 8.4 Conjurations
 + Level 6.7 Air Magic
 + Level 1.0 Evocations


You had 14 spell levels left.
You knew the following spells:

 Your Spells              Type           Power      Damage    Failure   Level
a - Shock                 Conj/Air       100%       1d9       1%          1
b - Swiftness             Air            52%        N/A       1%          3
c - Airstrike             Air            26%        N/A       5%          4

Your spell library contained the following spells:

 Spells                   Type           Power      Damage    Failure   Level
 Static Discharge         Conj/Air       56%        N/A       1%          2
 Frozen Ramparts          Ice            22%        1d4       26%         3
 Ice Form                 Ice/Tmut       11%        N/A       65%         4
 Summon Ice Beast         Ice/Summ       11%        N/A       65%         4


Dungeon Overview and Level Annotations

Branches:
Dungeon (8/15)             Temple (1/1) D:4         Ossuary (visited)
   Lair: D:8-11

Altars:
Ashenzari
Cheibriados
Dithmenos
Elyvilon
Fedhas
Gozag
Hepliaklqana
Kikubaaqudgha
Makhleb
Nemelex Xobeh
Okawaru
Qazlal
Ru
Sif Muna
Trog
Uskayaw
Vehumet
Wu Jian
Xom
Yredelemnul
Zin
The Shining One

Shops:
D:6 =   D:7 :

Annotations:
D:4 1 runed translucent door, simonhughes22's ghost, amateur MiFi
D:8 Erica


Innate Abilities, Weirdness & Mutations

You are partially covered in rugged brown scales. (AC +1, +3% HP)
Your demonic aura sometimes causes spilled blood to erupt in flames.
You have a tail ending in a sharp stinger.


Message History

The air twists around and strikes the orc!
You kill the orc!
Sif Muna accepts your kill.
The orc flies into a frenzy!
The wyvern misses you.
Unknown command.
The orc barely misses the orc warrior.
The wyvern closely misses you.
The orc shouts!
The orc hits the orc warrior with a +0 flail!
The wyvern barely misses you.
There is a stone staircase leading down here.
You hit the wyvern but do no damage.
The wyvern is poisoned.
A lance of force appears from out of thin air!
The lance of force hits the orc!!
The orc dies!
The wyvern bites you!
Unknown command.
Unknown command.
The wyvern barely misses you.
You hit the wyvern.
The wyvern is lightly wounded.
The wyvern bites you!
Unknown command.
The wyvern barely misses you.
You hear some strange, mumbled words.
You are confused.
You're too confused to move!
The wyvern bites you! The wyvern closely misses you. The wyvern bites you!
* * * LOW HITPOINT WARNING * * *
It was a potion of brilliance.
You feel clever all of a sudden. The wyvern completely misses you.
You hear some strange, mumbled words.
You feel yourself slow down.
It was a potion of curing.
You feel better. The wyvern closely misses you. x2
The wyvern barely misses you. The orc warrior barely misses you.
Something hits you!
* * * LOW HITPOINT WARNING * * *
Something burns you.
You die...

#....)......#.## #.
#..)......###.# #.
#.........# ' #.
###.....>...### #
#####.##...............
.$.................####
#................#
#....)l.)......#
#...).@o.......#
#..............#
#...<.........##
#............##
#........#####
#........# ##########


You could see an orc warrior and a wyvern (poisoned).

Vanquished Creatures
  Grinder (D:3)
  A wyvern (D:7)
  A steam dragon (D:7)
  A sky beast (D:5)
  A black bear (D:7)
  4 necrophages
  4 ogres
  2 orc warriors (D:6)
  2 centaurs
  A phantom (D:4)
  A kobold brigand (D:8)
  A gnoll sergeant (D:5)
  2 centaur zombies
  A bullfrog zombie (D:6)
  A bullfrog skeleton (D:6)
  2 jellies (D:6)
  3 hounds
  5 orc priests
  Natasha (thrice) (D:2)
  4 orc wizards
  A howler monkey zombie (D:8)
  8 mummies (Ossuary)
  9 adders
  7 gnolls
  A river rat (D:4)
  An ufetubus (D:5)
  An adder zombie (D:5)
  A worm (D:3)
  2 dart slugs
  23 orcs
  13 endoplasms
  3 giant cockroaches
  2 gnoll zombies (Ossuary)
  5 goblins
  9 hobgoblins
  11 kobolds
  2 quokkas (D:5)
  9 ball pythons
  4 bats
  5 frilled lizards
  3 hobgoblin zombies (Ossuary)
  A kobold zombie (Ossuary)
  2 orc zombies (Ossuary)
  3 rats
167 creatures vanquished.

Vanquished Creatures (collateral kills)
  A scorpion (D:6)
  A water moccasin skeleton (D:6)
  An orc priest (D:6)
  An iguana (D:6)
  A killer bee zombie (D:8)
  An orc (D:6)
  3 kobolds (D:8)
9 creatures vanquished.

Vanquished Creatures (others)
  2 orcs
2 creatures vanquished.

Grand Total: 178 creatures vanquished

Notes
Turn   | Place    | Note
-------+----------+-------------------------------------------
     0 | D:1      | rogsnak the Demonspawn Air Elementalist began the quest for
                  | the Orb.
     0 | D:1      | Reached XP level 1. HP: 13/13 MP: 3/3
   404 | D:1      | Gained mutation: You have a small tail. [demonic ancestry]
   404 | D:1      | Reached XP level 2. HP: 19/19 MP: 1/5
   982 | D:1      | Found a faded altar of an unknown god.
  1441 | D:2      | Reached XP level 3. HP: 24/24 MP: 0/6
  1687 | D:2      | Noticed Natasha
  1697 | D:2      | Killed Natasha
  1698 | D:2      | Reached skill level 2 in Conjurations
  1817 | D:2      | Gained mutation: Your demonic aura sometimes causes spilled
                  | blood to erupt in flames. [demonic ancestry]
  1817 | D:2      | Reached XP level 4. HP: 30/30 MP: 5/8
  2194 | D:2      | Noticed Natasha
  2203 | D:2      | Killed Natasha
  2368 | D:2      | Noticed Natasha
  2384 | D:2      | Killed Natasha
  2551 | D:3      | Reached skill level 3 in Conjurations
  2551 | D:3      | Reached XP level 5. HP: 35/35 MP: 2/9
  2750 | D:3      | Noticed Grinder
  2751 | D:3      | Paralysed by Grinder for 2 turns
  2776 | D:3      | Killed Grinder
  2777 | D:3      | Reached skill level 4 in Conjurations
  2777 | D:3      | Reached XP level 6. HP: 41/41 MP: 2/11
  3809 | D:4      | Noticed Edmund
  3849 | D:4      | Learned a level 3 spell: Swiftness
  3886 | D:4      | Found a runed translucent door.
  3886 | D:4      | Noticed simonhughes22's ghost (amateur MiFi)
  3956 | D:4      | Gained mutation: You are partially covered in rugged brown
                  | scales. (AC +1, +3% HP) [demonic ancestry]
  3956 | D:4      | Reached XP level 7. HP: 41/47 MP: 5/13
  4173 | D:4      | Reached skill level 5 in Conjurations
  4816 | D:4      | Noticed Edmund
  4816 | D:4      | Edmund changed into Edmund the river rat
  4819 | D:4      | Killed Edmund the river rat
  4966 | D:4      | Found a staircase to the Ecumenical Temple.
  5130 | Temple   | Entered the Ecumenical Temple
  5558 | D:5      | Entered Level 5 of the Dungeon
  5566 | D:4      | Learned a level 4 spell: Airstrike
  5674 | D:5      | Reached skill level 1 in Evocations
  5674 | D:5      | Gained mutation: You have a tail ending in a sharp stinger.
                  | [demonic ancestry]
  5674 | D:5      | Reached XP level 8. HP: 47/54 MP: 10/15
  5767 | D:5      | Reached skill level 5 in Spellcasting
  5767 | D:5      | Reached skill level 6 in Conjurations
  5767 | D:5      | Reached skill level 5 in Air Magic
  5979 | D:5      | Identified the ring of Itsupiri {*Slow rPois rF+++ rC+
                  | Str-2}
  6167 | D:5      | Noticed a two-headed ogre
  6704 | D:6      | Found Sustrar's Jewellery Emporium.
  6710 | D:6      | Found a sand-covered staircase.
  6716 | Ossuary  | Entered an ossuary
  7003 | Ossuary  | Reached skill level 7 in Conjurations
  7266 | Ossuary  | Reached skill level 1 in Fighting
  7902 | D:6      | Reached XP level 9. HP: 56/60 MP: 14/18
  8287 | D:6      | Noticed a death knight
  8582 | D:7      | Reached skill level 8 in Conjurations
  8842 | D:7      | Found a shimmering blue altar of Sif Muna.
  8846 | D:7      | Became a worshipper of Sif Muna the Loreminder
  9160 | D:7      | Found Tijud Boufag's Book Boutique.
  9518 | D:8      | Noticed Erica
  9533 | D:8      | HP: 1/60 [something (14)]
  9533 | D:8      | Slain by Erica

Illustrated notes

Levels and vault maps discovered:
D:1:      dpeg_arrival_round_b, layout_basic,
          ebering_ecumenical_altar_abandoned, minmay_cut_off
D:2:      layout_basic, uniq_natasha
D:3:      layout_loops_corners, eino_tiny_chamber, uniq_grinder
D:4:      layout_cave_pods, minmay_temple_entry_mini_moons,
          gammafunk_ghost_grave, uniq_edmund
D:5:      layout_cave_pools, minmay_manual_moon
D:6:      layout_rooms, nicolae_ossuary_entry_plus, serial_shops, shop,
          minmay_manual_mandibuliform
D:7:      layout_loops_cross, nicolae_sif_muna_little_library, serial_shops,
          kennysheep_mini
D:8:      minmay_s_stair_smasher, layout_rooms,
          minmay_fractal_squares_diagonal_5, uniq_pikel, uniq_psyche, uniq_erica
Temple:   kilobyte_greek_temple

Skill      XL: |  1  2  3  4  5  6  7  8  9 |
---------------+----------------------------+-----
Dodging        | 2 |  2.7
Air Magic      | 3 4 5 6 |  6.7
Conjurations   | 2 3 4 5 7 8 |  8.4
Spellcasting   | 3 4 6 7 |  7.1
Evocations     | 1 |  1.0
Fighting       | 1 |  1.1
Stealth        | |  1.7

Action                   |  1- 3 |  4- 6 |  7- 9 || total
-------------------------+-------+-------+-------++-------
Melee: Unarmed           |     6 |       |       ||     6
       Whip              |    11 |       |    33 ||    44
       Tailslap          |     2 |     1 |     7 ||    10
       Mace              |     2 |       |       ||     2
       Quarterstaff      |     1 |    14 |     5 ||    20
       Spear             |       |       |     8 ||     8
 Cast: Shock             |    59 |    86 |   315 ||   460
       Airstrike         |       |       |    19 ||    19
Evoke: Wand              |       |       |     4 ||     4
  Use: Potion            |       |       |     2 ||     2
 Stab: Sleeping          |       |     1 |       ||     1
Armor: Robe              |     5 |     4 |    12 ||    21
Dodge: Dodged            |    16 |    19 |   105 ||   140

Table legend: (Time is in decaauts)
 A = Elapsed time spent in this place.
 B = Non-inter-level travel time spent in this place.
 C = Inter-level travel time spent in this place.
 D = Time resting spent in this place.
 E = Time spent auto-exploring this place.
 F = Levels seen in this place.
 G = Mean time per level.
                   A        B        C        D        E       F      G
               +--------+--------+--------+--------+--------+-----+--------+
         Total |   9564 |   9436 |    128 |   2535 |   4726 |  10 |  956.4 |
       Dungeon |   8626 |   8498 |    128 |   2041 |   4522 |   8 | 1078.2 |
        Temple |    167 |    167 |      0 |      0 |    116 |   1 |  167.0 |
       Ossuary |    770 |    770 |      0 |    494 |     88 |   1 |  770.0 |
               +--------+--------+--------+--------+--------+-----+--------+

Top non-repeatable levels by time:
     D:4: 1637 daAuts
     D:1: 1373 daAuts
     D:3: 1333 daAuts
     D:2: 1171 daAuts
     D:5: 1077 daAuts
     D:7: 1016 daAuts
     D:6: 809 daAuts
 Ossuary: 770 daAuts
     D:8: 206 daAuts
  Temple: 167 daAuts
